 Dungeon Crawl Stone Soup version 0.21-a0-286-g6fcecc0 (webtiles) character file.

3076 Leszczynek the Grappler (level 9, -3/88 HPs)
             Began as a Troll Skald on Sept 27, 2017.
             Was a Priest of Elyvilon.
             Slain by an unseen horror (11 damage)
             ... on level 10 of the Dungeon.
             The game lasted 00:26:48 (3648 turns).

Leszczynek the Grappler (Troll Skald)               Turns: 3648, Time: 00:26:49

Health: -3/88      AC:  6    Str: 21    XL:     9   Next: 58%
Magic:  11/11      EV: 11    Int: 11    God:    Elyvilon [***...]
Gold:   35         SH:  0    Dex:  8    Spells: 7/10 levels left

rFire    . . .     SeeInvis .     - Unarmed
rCold    . . .     Gourm    +   (no shield)
rNeg     . . .     Faith    .   a - +1 robe
rPois    .         Spirit   .   (helmet restricted)
rElec    .         Reflect  .   (no cloak)
rCorr    .         Harm     .   (gloves unavailable)
MR       .....                  (boots unavailable)
Stlth    +.........             (no amulet)
HPRegen  0.64/turn              (no ring)
MPRegen  0.12/turn              (no ring)

@: no status effects
A: unfitting armour, antennae 1, claws 3, blink, clumsy 1, fast metabolism 3,
gourmand, mutation resistance 1, regeneration 1, shaggy fur 1, tough skin 2
a: Blink, Lesser Healing, Heal Other, Purification, Divine Protection, Renounce
Religion


You were on level 10 of the Dungeon.
You worshipped Elyvilon.
Elyvilon was most pleased with you.
You were very full.

You visited 2 branches of the dungeon, and saw 11 of its levels.
You also visited: Sewer.

You collected 203 gold pieces.
You spent 168 gold pieces at shops.

Inventory:

Hand Weapons
 w - a +3 dire flail
Missiles
 n - a throwing net
 x - 5 tomahawks (quivered)
Armour
 a - a +1 robe (worn)
Jewellery
 s - an uncursed ring of ice
Scrolls
 e - a scroll of magic mapping
 j - a scroll of noise {unknown}
 k - 3 scrolls of remove curse {@r2}
 l - a scroll of immolation {unknown}
 o - a scroll of identify {@r1}
 r - a scroll of brand weapon {unknown}
 u - a scroll of enchant armour
 y - a scroll of recharging {unknown}
 z - a scroll of torment {unknown}
 B - a scroll of vulnerability {unknown}
 C - a scroll of enchant weapon {unknown}
Potions
 f - 4 potions of curing {@q1}
 i - a potion of agility {unknown}
 m - a potion of resistance {unknown}
 p - 2 potions of might
 q - a potion of mutation {unknown}
 t - 2 potions of heal wounds {@q2}
 v - 2 potions of lignification {unknown}
 A - a potion of flight {unknown}
Books
 b - a book of Battle

   Spells                             Type                      Level
   a - Infusion                       Charms                       1
   b - Shroud of Golubria             Charms/Translocation         2
   c - Song of Slaying                Charms                       2
   d - Spectral Weapon                Hexes/Charms                 3
   e - Regeneration                   Charms/Necromancy            3
Comestibles
 d - 7 bread rations
 h - 5 meat rations


   Skills:
 + Level 5.6 Fighting
 - Level 4.0 Dodging
 * Level 9.7 Unarmed Combat
 - Level 1.2 Spellcasting
 - Level 2.0 Charms
 + Level 4.9 Invocations


You had 7 spell levels left.
You knew the following spells:

 Your Spells              Type           Power        Failure   Level  Hunger
a - Infusion              Chrm           #...         14%         1    ##.....
b - Shroud of Golubria    Chrm/Tloc      #.........   32%         2    ###....


Dungeon Overview and Level Annotations

Branches:
Dungeon (10/15)            Temple (1/1) D:5
   Lair: D:8-11         Orc: D:9-12

Altars:
Ashenzari
Cheibriados
Dithmenos
Elyvilon
Hepliaklqana
Kikubaaqudgha
Uskayaw
Xom

Shops:
D:7 !

Annotations:
D:2 Natasha
D:4 Menkaure
D:6 disto ed, Edmund
D:8 2ho
D:9 exclusion: upstairs


Innate Abilities, Weirdness & Mutations

You are too large for most types of armour.
You have claws for hands.
Your metabolism is lightning-fast.
You like to eat raw meat.
Your natural rate of healing is unusually fast.
You are covered in fur. (AC +1)
You have very tough skin. (AC +2)
You have a pair of small antennae on your head.
You can translocate small distances at will.
You are clumsy. (Dex -2)
You are somewhat resistant to further mutation.


Message History

You aren't carrying any items that you can evoke.
As you read the scroll labeled XUOSUQ DEAWI, it crumbles to dust.
It is a scroll of identify.
c - a scroll of fear Something hits you.
* * * LOW HITPOINT WARNING * * *
Something hits you.
* * * LOW HITPOINT WARNING * * *
As you read the scroll of fear, it crumbles to dust.
You assume a fearsome visage.
The two-headed ogre looks frightened!
The orc looks frightened!
There is an open door here.
Something hits you.
* * * LOW HITPOINT WARNING * * *
Unknown command.
As you read the scroll labeled WOOGIP EGUOPN, it crumbles to dust.
The scroll dissolves into smoke.
It was a scroll of fog.
Something hits you.
* * * LOW HITPOINT WARNING * * *
Something hits you!
You die...

#####...# '.......#
#.......# ###########
#.O)....##### #.........#
#.o.#####...# #.........#
#...# #...# #.........#
#...# #...# #§.§..<...#
#...# #...####§§§......#
#...# #...'.§{@§§......#
....### #...##.#§§.......#
....o{# #...##.#§§.......#
....#.# #o..##.#.........#
#####.###...##.#.........#
#......#.##.#######.###
.....######.##.# .# ####.
#.##.# #. #.#


There were no monsters in sight!

Vanquished Creatures
  A meliai zombie (D:7)
  A spriggan (D:9)
  A shadow (D:10)
  A hungry ghost (D:7)
  2 sky beasts (D:9)
  Purgy (Sewer)
  2 ice beasts
  An ogre (D:7)
  A phantom (D:7)
  3 centaurs
  3 bullfrogs
  A scorpion (D:4)
  A wight (D:6)
  3 crimson imps
  A centaur zombie (D:10)
  3 hounds
  5 orc priests
  2 centaur skeletons (D:8)
  A jelly (D:5)
  4 orc wizards
  Jessica (D:2)
  Natasha (D:2)
  An iguana (D:7)
  5 worker ants
  A killer bee zombie (D:9)
  A hound skeleton (D:4)
  5 gnolls (D:7)
  10 adders
  4 shadow imps
  2 adder skeletons
  3 worms
  A dart slug (D:1)
  4 leopard geckos
  14 orcs
  3 giant cockroaches
  8 goblins
  A hobgoblin (D:2)
  6 kobolds
  3 quokkas
  A ball python (D:1)
  2 bats (D:1)
  7 frilled lizards
  A jackal zombie (D:6)
  A quokka skeleton (D:7)
  2 quokka zombies
  5 rats
131 creatures vanquished.

Vanquished Creatures (others)
  A yak (D:7)
  A scorpion (D:7)
  A killer bee (D:7)
  A hound (D:7)
  An orc wizard (D:7)
  An iguana (D:7)
  An orc (D:7)
  2 quokkas
  5 fungi (D:10)
  A plant (D:10)
15 creatures vanquished.

Grand Total: 146 creatures vanquished

Notes
Turn   | Place    | Note
-------+----------+-------------------------------------------
     0 | D:1      | Leszczynek the Troll Skald began the quest for the Orb.
     0 | D:1      | Reached XP level 1. HP: 19/19 MP: 1/1
   202 | D:2      | Reached XP level 2. HP: 26/27 MP: 2/2
   209 | D:2      | Learned a level 2 spell: Shroud of Golubria
   248 | D:1      | Reached skill level 3 in Unarmed Combat
   300 | D:2      | Noticed Jessica
   321 | D:2      | Killed Jessica
   321 | D:2      | Reached skill level 4 in Unarmed Combat
   321 | D:2      | Reached XP level 3. HP: 31/33 MP: 3/3
   335 | D:2      | Found a white marble altar of Elyvilon.
   370 | D:2      | Became a worshipper of Elyvilon the Healer
   384 | D:2      | Noticed Natasha
   391 | D:2      | Killed Natasha
   391 | D:2      | Reached XP level 4. HP: 35/41 MP: 1/4
   467 | D:2      | Found a hide-covered altar of Uskayaw.
   467 | D:2      | Found a hazy altar of Hepliaklqana.
   500 | D:2      | Noticed Natasha
   663 | D:3      | Reached skill level 5 in Unarmed Combat
   685 | D:3      | Noticed a bullfrog
   712 | D:3      | Killed a bullfrog
   712 | D:3      | Reached XP level 5. HP: 40/48 MP: 0/5
   804 | D:3      | Reached skill level 6 in Unarmed Combat
   884 | D:4      | Reached * piety under Elyvilon
   904 | D:4      | Reached XP level 6. HP: 33/55 MP: 4/6
   982 | D:4      | Noticed Menkaure
  1178 | D:4      | Reached ** piety under Elyvilon
  1251 | D:4      | Found a glowing drain.
  1258 | Sewer    | Entered a sewer
  1368 | Sewer    | Noticed Purgy
  1374 | Sewer    | Killed Purgy
  1374 | Sewer    | Reached skill level 7 in Unarmed Combat
  1377 | Sewer    | come on
  1377 | Sewer    | gimme your skin
  1466 | D:5      | Entered Level 5 of the Dungeon
  1480 | D:5      | Found a staircase to the Ecumenical Temple.
  1488 | Temple   | Entered the Ecumenical Temple
  1489 | Temple   | so, do i switch
  1489 | Temple   | hm
  1489 | Temple   | naaaaaah
  1529 | D:5      | Reached skill level 1 in Invocations
  1529 | D:5      | Reached XP level 7. HP: 38/63 MP: 4/7
  1803 | D:5      | Found a shadowy altar of Dithmenos.
  1832 | D:6      | Reached skill level 2 in Fighting
  1832 | D:6      | Reached skill level 8 in Unarmed Combat
  1855 | D:6      | Noticed Edmund
  1859 | D:6      | >flail of distortion
  1859 | D:6      | mmkay
  1980 | D:6      | Found an ancient bone altar of Kikubaaqudgha.
  2032 | D:6      | Reached skill level 2 in Invocations
  2335 | D:7      | Found Jumaphuf's Distillery.
  2355 | D:7      | Killed a yak
  2356 | D:7      | Noticed a hungry ghost
  2357 | D:7      | Reached XP level 8. HP: 63/74 MP: 3/8
  2387 | D:7      | Reached skill level 3 in Fighting
  2402 | D:7      | Reached skill level 9 in Unarmed Combat
  2438 | D:7      | Bought a potion of might for 48 gold pieces
  2438 | D:7      | Bought a potion of heal wounds for 60 gold pieces
  2440 | D:7      | Found a shimmering altar of Xom.
  2482 | D:7      | Reached skill level 2 in Dodging
  2482 | D:7      | Reached skill level 3 in Invocations
  2493 | D:7      | Bought a potion of heal wounds for 60 gold pieces
  2687 | D:7      | Reached *** piety under Elyvilon
  2802 | D:7      | Reached skill level 4 in Fighting
  2942 | D:8      | HP: 13/79 [orc wizard/puff of frost (7)]
  2948 | D:8      | HP: 8/79 [orc wizard/puff of frost (13)]
  2953 | D:8      | HP: 12/79 [orc wizard/mace (2)]
  2959 | D:8      | indestructible orc wizard
  2959 | D:8      | have to heal myself about 8 times
  2959 | D:8      | because he whoops my ass just like that, no haste, no invisibility, just pure melee
  3056 | D:8      | Reached skill level 3 in Dodging
  3058 | D:8      | Reached skill level 4 in Invocations
  3068 | D:8      | Reached skill level 5 in Fighting
  3068 | D:8      | Reached XP level 9. HP: 71/88 MP: 11/11
  3095 | D:8      | Noticed a two-headed ogre
  3177 | D:9      | Gained mutation: You can translocate small distances at will. [mutagenic meat]
  3178 | D:9      | Gained mutation: You are clumsy. (Dex -2) [mutagenic meat]
  3179 | D:9      | Gained mutation: You are somewhat resistant to further mutation. [mutagenic meat]
  3180 | D:9      | Gained mutation: You have a pair of small antennae on your head. [mutagenic meat]
  3247 | D:9      | Reached skill level 4 in Dodging
  3341 | D:9      | Found a snail-covered altar of Cheibriados.
  3452 | D:10     | Entered Level 10 of the Dungeon
  3481 | D:10     | Noticed a troll
  3533 | D:10     | Reached **** piety under Elyvilon
  3611 | D:10     | Noticed a two-headed ogre
  3628 | D:10     | HP: 16/88 [something (10)]
  3643 | D:10     | HP: 16/88 [something (2)]
  3648 | D:10     | HP: 8/88 [something (6)]
  3648 | D:10     | Slain by an unseen horror

Vault maps used:
D:1:      kennysheep_arrival_seaside, lemuel_another_geyser
D:2:      amethyst_overflow_temple_binary, elyvilon_altar_4,
          uniq_crazy_yiuf_cottage, uniq_jessica, uniq_natasha
D:3:      serial_forest, infiniplex_forest_clump_curved,
          infiniplex_forest_lined_3_way, infiniplex_forest_clump_tiny,
          infiniplex_forest_clump_cross, infiniplex_forest_lined_room_3,
          infiniplex_forest_lined_4_way, infiniplex_forest_clump_C,
          infiniplex_forest_diagonal
D:4:      first_bread, gup_sewer_entry_bubbles, serial_shops, shop,
          minmay_goblin_outpost, uniq_grinder, uniq_menkaure, uniq_edmund
D:5:      lemuel_crystal_altar, temple_green, grunt_dithmenos_smoke
D:6:      overflow_temple_1_default, serial_bayou_lake_a
D:7:      xom_confusion_cloud, serial_shops, shop
D:9:      marbit_many_paths, david_orc_1_choice, basic_altar, the_bakery
D:10:     kennysheep_blocky_room, grunt_lair_entry_orc_guard_hut, uniq_fannar
Temple:   nicolae_temple_elliptical
Sewer:    kennysheep_door_sewer

Skill      XL: |  1  2  3  4  5  6  7  8  9 |
---------------+----------------------------+-----
Unarmed Combat | 4 5 6 7 8 9 |  9.7
Invocations    | 1 2 4 |  4.9
Fighting       | 2 5 |  5.6
Dodging        | 3 4 |  4.0
Spellcasting   | |  1.2
Charms         | |  2.0

Action                   |  1- 3 |  4- 6 |  7- 9 || total
-------------------------+-------+-------+-------++-------
Melee: Unarmed           |    42 |   157 |   264 ||   463
       Punch             |       |     1 |     9 ||    10
Throw: Tomahawk          |       |       |     1 ||     1
 Cast: Shroud of Golubri |     1 |     8 |     1 ||    10
Invok: Lesser Healing    |       |       |     6 ||     6
       Greater Healing   |       |       |     1 ||     1
  Use: Scroll            |       |       |     7 ||     7
       Potion            |       |       |     5 ||     5
  Eat: Chunk             |     3 |    17 |    32 ||    52
       Fruit             |       |       |     3 ||     3
       Royal jelly       |       |       |     1 ||     1
Armor: Robe              |     9 |    37 |    70 ||   116
Dodge: Dodged            |    12 |    83 |   128 ||   223

Table legend:
 A = Spawn XP
 B = Non-spawn XP
 C = Spawn XP percentage of total XP
 D = Spawn monster count
 E = Non-spawn monster count
 F = Spawn count percentage of total count
 G = Total turns spent on level
                    A         B        C        D         E        F      G
               +---------+---------+-------+---------+---------+-------+---------
         Total |       0 |    4395 |   0.0 |       0 |     132 |   0.0 |  3648
               +---------+---------+-------+---------+---------+-------+---------
           D:1 |       0 |      11 |   0.0 |       0 |       7 |   0.0 |   184
           D:2 |       0 |     128 |   0.0 |       0 |      18 |   0.0 |   389
           D:3 |       0 |     177 |   0.0 |       0 |      10 |   0.0 |   357
           D:4 |       0 |     208 |   0.0 |       0 |      18 |   0.0 |   397
           D:5 |       0 |     214 |   0.0 |       0 |       7 |   0.0 |   261
           D:6 |       0 |     512 |   0.0 |       0 |      17 |   0.0 |   687
           D:7 |       0 |    1178 |   0.0 |       0 |      22 |   0.0 |   490
           D:8 |       0 |     562 |   0.0 |       0 |       8 |   0.0 |   202
           D:9 |       0 |     969 |   0.0 |       0 |      15 |   0.0 |   374
          D:10 |       0 |     301 |   0.0 |       0 |       4 |   0.0 |   166
         Sewer |       0 |     135 |   0.0 |       0 |       6 |   0.0 |   139
               +---------+---------+-------+---------+---------+-------+---------
